 Dungeon Crawl Stone Soup version 0.23.2-1-ga50397a (webtiles) character file.

Game seed: 15682071046466080928

2149 MalarOregon the Grappler (level 9, 0/83 HPs)
             Began as a Ghoul Warper on June 2, 2019.
             Was an Initiate of Makhleb.
             Slain by an ogre
             ... wielding a +0 giant spiked club
              (22 damage)
             ... on level 6 of the Dungeon.
             The game lasted 00:14:59 (7345 turns).

MalarOregon the Grappler (Ghoul Warper)             Turns: 7345, Time: 00:14:59

Health: 0/83       AC:  6    Str: 15    XL:     9   Next: 31%
Magic:  10/10      EV: 12    Int:  9    God:    Makhleb [......]
Gold:   326        SH:  0    Dex: 10    Spells: 9/11 levels left

rFire    + . .     SeeInvis .     - Unarmed
rCold    + + .     Gourm    .   (no shield)
rNeg     + + +     Faith    .   l - +1 animal skin
rPois    ∞         Spirit   .   b - +1 helmet
rElec    .         Reflect  .   a - scarf {rC+ rF+}
rCorr    .         Harm     .   p - +0 pair of gloves
MR       .....                  (no boots)
Stlth    ++........             (no amulet)
HPRegen  0.00/turn              h - ring of stealth
MPRegen  0.12/turn              (no ring)

@: rotting
A: rotting body, claws 1, carnivore, cold resistance 1, negative energy
resistance 3, inhibited regeneration, torment resistance, unbreathing
a: Renounce Religion


You were on level 6 of the Dungeon.
You worshipped Makhleb.
Makhleb was noncommittal.
You were not hungry.

You visited 2 branches of the dungeon, and saw 8 of its levels.

You collected 326 gold pieces.

Inventory:

Hand Weapons
 j - the +4 dagger "Jeanech" {drain, Str+4}
   (You found it on level 4 of the Dungeon)

   A truly terrible weapon, it drains the life of those it strikes.
   It affects your strength (+4).
Missiles
 d - 5 tomahawks of dispersal (quivered) {!f}
 v - 2 tomahawks
Armour
 a - a scarf of resistance (worn)
   (You found it on level 3 of the Dungeon)
 b - a +1 helmet (worn)
   (You took it off Robin on level 2 of the Dungeon)
 l - a +1 animal skin (worn)
   (You took it off Robin on level 2 of the Dungeon)
 p - a +0 pair of gloves (worn)
   (You found it on level 2 of the Dungeon)
 q - the +2 scale mail of Omission {rPois}
   (You took it off an orc on level 5 of the Dungeon)

   It protects you from poison.
Jewellery
 h - a ring of stealth (left hand)
   (You found it on level 6 of the Dungeon)
Wands
 t - a wand of flame (17)
   (You found it on level 2 of the Dungeon)
Scrolls
 c - a scroll of blinking
 f - 4 scrolls of identify {@r1}
 g - a scroll of enchant weapon
 k - 2 scrolls of remove curse {@r2}
 m - 5 scrolls of fear
 o - 6 scrolls of teleportation {@r4}
Potions
 i - 2 potions of magic
 n - 2 potions of heal wounds {@q2}
 r - a potion of might
 s - a potion of cancellation
 u - a potion of haste {@q3}
 w - 4 potions of curing {@q1}
Comestibles
 e - 14 rations {!d}


   Skills:
 * Level 9.3 Fighting
 - Level 0.8 Throwing
 - Level 0.8 Armour
 - Level 1.7 Dodging
 * Level 9.7 Unarmed Combat
 - Level 1.7 Spellcasting
 - Level 2.6 Translocations
 + Level 1.3 Invocations


You had 9 spell levels left.
You knew the following spells:

 Your Spells              Type           Power        Failure   Level  Hunger
b - Blink                 Tloc           N/A          17%         2    ###....

Your spell library contained the following spells:

 Spells                   Type           Power        Failure   Level  Hunger
 Shroud of Golubria       Chrm/Tloc      #.........   30%         2    ###....
 Corona                   Hex            #......      34%         1    ##.....
 Gell's Gravitas          Tloc           #.........   34%         3    ####...
 Lesser Beckoning         Tloc           #.........   34%         3    ####...
 Teleport Other           Tloc           #.......     34%         3    ####...
 Ensorcelled Hibernation  Hex/Ice        #.....       45%         2    ###....
 Sticks to Snakes         Tmut           #.......     45%         2    ###....
 Confuse                  Hex            #.......     71%         3    ####...
 Dazzling Spray           Conj/Hex       #.....       71%         3    ####...
 Tukima's Dance           Hex            #.......     71%         3    ####...
 Passage of Golubria      Tloc           N/A          75%         4    #####..
 Beastly Appendage        Tmut           Unusable     N/A         1    N/A
 Spider Form              Tmut/Pois      Unusable     N/A         3    N/A
 Ice Form                 Ice/Tmut       Unusable     N/A         4    N/A
 Blade Hands              Tmut           Unusable     N/A         5    N/A

Dungeon Overview and Level Annotations

Branches:
Dungeon (7/15)             Temple (1/1) D:6

Altars:
Ashenzari
Cheibriados
Dithmenos
Elyvilon
Fedhas
Hepliaklqana
Kikubaaqudgha
Makhleb
Nemelex Xobeh
Okawaru
Qazlal
Ru
Sif Muna
Uskayaw
Vehumet
Wu Jian
Xom
Yredelemnul
Zin

Shops:
D:5 *

Annotations:
D:6 3 runed translucent doors, diana's ghost, amateur DgFi
D:7 Harold; Joseph


Innate Abilities, Weirdness & Mutations

Your body is rotting away.
You thrive on raw meat.
You are immune to poison.
You have sharp fingernails.
You are carnivorous and can eat meat at any time.
Your flesh is cold resistant. (rC+)
You are immune to negative energy. (rN+++)
You do not regenerate when monsters are visible.
You are immune to unholy pain and torment.
You can survive without breathing.


Message History

You barely miss the bullfrog. The bullfrog hits you.
The bullfrog hits you but does no damage.
You barely miss the bullfrog. The bullfrog hits you.
You hit the bullfrog. The bullfrog barely misses you.
You hit the bullfrog. You punch the bullfrog! The bullfrog barely misses you.
You pummel the bullfrog!!
You kill the bullfrog!
Makhleb accepts your kill.
No target in view!
There is a stone staircase leading down here.
Things that are here:
a +0 plate armour; a +0 battleaxe You start resting.
You climb downwards.
Level annotation: Harold; Joseph The ogre hits you with a +0 giant spiked club!
A shadow imp comes into view.
The orc hits you.
An orc comes into view.
The orc hits you but does no damage. The orc completely misses you.
There is a stone staircase leading up here.
You see here 2 stones.
The ogre hits you with a +0 giant spiked club!
Joseph unwields a +0 quarterstaff of speed.
Joseph wields a +0 hunting sling.
Joseph shoots a sling bullet.
The sling bullet hits you!!
* * * LOW HITPOINT WARNING * * *
The orc hits you but does no damage. The orc hits you.
* * * LOW HITPOINT WARNING * * *
You climb upwards.
Level annotation: 3 runed translucent doors, diana's ghost, amateur DgFi
There is a stone staircase leading down here.
Things that are here:
a +0 plate armour; a +0 battleaxe Unknown command.
Unknown command.
Unknown command.
The orc hits you but does no damage. x2
The orc closely misses you.
Eat one of 2 chunks of flesh? (ye/n/q)
You eat one of the 2 chunks of flesh.
This raw flesh tastes great!
The ogre barely misses you.
Eat a chunk of flesh? (ye/n/q)
You eat the chunk of flesh.
This raw flesh tastes great!
The ogre hits you with a +0 giant spiked club!!
* * * LOW HITPOINT WARNING * * *
You hit the ogre. You punch the ogre!
The ogre hits you with a +0 giant spiked club!!
You die...

#..##.#####....[[..####.#.###..#
................>..............#
#...<.....#...######....#.###.##
....#[#.###...# ####.#.# #.#
......[......o# #.#.# #.#
....#.#.####..# #.#.# #.#
#+#.#.#.......# #.#.# #.#
#.#...######.##########.#.# #.#
.............ooO@....#....# #.#
......######.#######.#..#####.###
.......#####.# #.#..........#
.............# #.#.##########
..###..####..# #.#.#.......# #.#
##.## #..#### #.#.#.#####.# #.#
#..# #.....####.#.#.# #.# #.#
#..###.....'....#.#.#####.# #.#
#...##.....####.#.........#


You could see an ogre and 2 orcs.

Vanquished Creatures
  Grinder (D:3)
  Prince Ribbit (D:6)
  2 sky beasts
  2 ice beasts (D:6)
  2 orc warriors
  A necrophage (D:5)
  An ogre (D:4)
  A phantom (D:6)
  2 bullfrogs
  2 crimson imps
  A jelly (D:5)
  2 hounds (D:5)
  3 orc priests
  6 orc wizards
  2 iguanas
  4 worker ants
  2 hound skeletons
  Robin (D:2)
  8 adders
  A shadow imp (D:7)
  2 oozes
  An adder skeleton (D:5)
  6 worms
  4 dart slugs
  7 leopard geckos
  17 orcs
  6 giant cockroaches
  19 goblins
  8 hobgoblins
  10 jackals
  9 kobolds
  2 quokkas
  A ball python (D:1)
  9 bats
  6 frilled lizards
  A leopard gecko skeleton (D:3)
  5 rats
158 creatures vanquished.

Vanquished Creatures (others)
  A kobold (D:3)
1 creature vanquished.

Grand Total: 159 creatures vanquished

Notes
Turn   | Place    | Note
-------+----------+-------------------------------------------
     0 | D:1      | MalarOregon the Ghoul Warper began the quest for the Orb.
     0 | D:1      | Reached XP level 1. HP: 17/17 MP: 2/2
    57 | D:1      | Reached XP level 2. HP: 13/24 MP: 3/3
   366 | D:1      | Reached XP level 3. HP: 30/30 MP: 4/4
   623 | D:2      | Noticed Robin
   666 | D:2      | Killed Robin
   666 | D:2      | Reached XP level 4. HP: 13/38 MP: 5/5
  1530 | D:2      | Reached XP level 5. HP: 35/45 MP: 6/6
  1756 | D:3      | Found a hazy altar of Hepliaklqana.
  1773 | D:3      | You fall through a shaft for 2 floors!
  1773 | D:5      | Entered Level 5 of the Dungeon
  1780 | D:5      | Noticed a necrophage
  1801 | D:5      | Killed a necrophage
  1801 | D:5      | Reached skill level 5 in Unarmed Combat
  1989 | D:5      | Reached XP level 6. HP: 37/53 MP: 7/7
  2093 | D:5      | Learned a level 2 spell: Blink
  2580 | D:3      | Found a radiant altar of Vehumet.
  2756 | D:3      | Reached skill level 5 in Fighting
  3040 | D:3      | Noticed Grinder
  3040 | D:3      | Paralysed by Grinder for 2 turns
  3047 | D:3      | Paralysed by Grinder for 5 turns
  3081 | D:3      | Killed Grinder
  3081 | D:3      | Reached XP level 7. HP: 41/62 MP: 8/8
  3554 | D:4      | Got a crystal dagger
  4121 | D:5      | Reached XP level 8. HP: 35/71 MP: 9/9
  4422 | D:5      | Found Beubrock's General Store.
  4423 | D:5      | Identified the +2 scale mail of Omission {rPois}
  4535 | D:5      | Found a basalt altar of Yredelemnul.
  4813 | D:6      | Noticed diana's ghost (amateur DgFi)
  4822 | D:6      | Found a runed translucent gate.
  4822 | D:6      | Found a runed translucent gate.
  4822 | D:6      | Found a runed translucent gate.
  5253 | D:6      | Found a staircase to the Ecumenical Temple.
  5276 | Temple   | Entered the Ecumenical Temple
  5581 | Temple   | Became a worshipper of Makhleb the Destroyer
  5835 | D:6      | Noticed Prince Ribbit
  5844 | D:6      | Identified the +4 dagger "Jeanech" {drain, Str+4} (You
                  | found it on level 4 of the Dungeon)
  5853 | D:6      | Killed Prince Ribbit
  6469 | D:6      | Reached XP level 9. HP: 53/73 MP: 10/10
  6805 | D:7      | Noticed Harold
  6998 | D:6      | Reached skill level 1 in Invocations
  7295 | D:7      | Noticed Joseph
  7345 | D:6      | Slain by an ogre

Skill      XL: |  1  2  3  4  5  6  7  8  9 |
---------------+----------------------------+-----
Unarmed Combat | 3 4 5 6 7 9 |  9.7
Fighting       | 3 4 5 6 8 9 |  9.3
Invocations    | 1 |  1.3
Throwing       | |  0.8
Armour         | |  0.8
Dodging        | |  1.7
Spellcasting   | |  1.7
Translocations | |  2.6

Action                   |  1- 3 |  4- 6 |  7- 9 || total
-------------------------+-------+-------+-------++-------
Melee: Unarmed           |   124 |   340 |   291 ||   755
       Punch             |       |     6 |     6 ||    12
       Dagger            |       |       |     5 ||     5
  Use: Potion            |       |     2 |     2 ||     4
       Scroll            |       |     2 |    12 ||    14
 Stab: Sleeping          |       |     1 |     3 ||     4
  Eat: Chunk             |    24 |    17 |    15 ||    56
       Ration            |       |       |     1 ||     1
Armor: Leather armour    |    25 |     2 |       ||    27
       Animal skin       |       |    92 |    64 ||   156
Dodge: Dodged            |    65 |   193 |   124 ||   382
